 Dungeon Crawl Stone Soup version 0.15-a0-2036-g5428f20 (webtiles) character file.

184 N00bl0rd the Cudgeler (level 5, -1/55 HPs)
             Began as an Ogre Fighter on July 13, 2014.
             Killed by nerve-wracking pain
             ... invoked by Grinder
              (3 damage)
             ... on Level 3 of the Dungeon.
             The game lasted 00:07:36 (2030 turns).

N00bl0rd the Cudgeler (Ogre Fighter)                Turns: 2030, Time: 00:07:36

HP  -1/55        AC  3     Str 22      XL: 5   Next: 63%
MP   5/5         EV  8     Int  7      God:
Gold 156         SH  8     Dex  9      Spells:  0 memorised,  4 levels left

rFire  . . .     SeeInvis .     a - +0 flail
rCold  . . .     Clarity  .     b - +0 robe
rNeg   . . .     rCorr    .     c - +0 shield
rPois  .         rRot     .     (helmet restricted)
rElec  .         Spirit   .     (no cloak)
SustAb .         Warding  .     (gloves unavailable)
rMut   .         Stasis   .     (boots unavailable)
Gourm  .                        (no amulet)
MR     .....                    (no ring)
                                (no ring)

@: not resistant to hostile enchantments, very unstealthy
A: unfitting armour, tough skin 1
a: no special abilities


You were on level 3 of the Dungeon.
You were not hungry.

You visited 1 branch of the dungeon, and saw 3 of its levels.

You collected 156 gold pieces.

Inventory:

Hand weapons
 a - a +0 flail (weapon)
Armour
 b - a +0 robe (worn)
 c - a +0 shield (worn)
Comestibles
 d - a meat ration
 h - 3 fruits
 n - 3 bread rations
 s - a chunk of bat flesh
 t - a chunk of rat flesh
 u - a chunk of adder flesh
Scrolls
 f - a scroll of identify {unknown}
 i - a scroll of immolation {unknown}
 j - a scroll of enchant weapon {unknown}
 l - 2 scrolls of recharging {unknown}
 m - a scroll of noise {unknown}
 q - a scroll of amnesia {unknown}
 r - a scroll of magic mapping {unknown}
Jewellery
 g - an uncursed amulet of resist corrosion {unknown}
 k - an uncursed ring of protection from fire {unknown}
Potions
 e - a potion of might
 p - a potion of lignification {unknown}


   Skills:
 + Level 4.5 Fighting
 * Level 4.7 Maces & Flails
 + Level 1.2 Armour
 * Level 3.9 Dodging
 + Level 3.1 Shields


You had 4 spell levels left.
You didn't know any spells.

Dungeon Overview and Level Annotations

Branches:
Dungeon (3/15)

Altars:
Gozag

Annotations:
D:3 Grinder


Innate Abilities, Weirdness & Mutations

You are too large for most types of armour.
You have tough skin (AC +1).


Message History

Grinder hits you.
You writhe in agony.
The giant gecko bites you. The giant gecko bites you.
* * * LOW HITPOINT WARNING * * *
Grinder gestures at you. Pain shoots through your body!
* * * LOW HITPOINT WARNING * * *
The giant gecko bites you.
* * * LOW HITPOINT WARNING * * *
Grinder hits you.
* * * LOW HITPOINT WARNING * * *
You writhe in agony. x2
The giant gecko bites you.
* * * LOW HITPOINT WARNING * * *
You can move again.
Unknown command.
Drink which item? (? for menu, Esc to quit)
You feel refreshed.
It was a potion of restore abilities.
Grinder gestures at you. Pain shoots through your body!
You die...

#.# ##..#.# #...#.#
#.#..=# ###....#
##....$$$##..
##..##?l_$.....
#<.########..##5@$$$.#
...........>.)...#.#.#
#.#####....##..## #
##......%##.##.....
......#............#
####...####.#...#.#
#.### #.#...#.# ##.#
..#..?# # ###..#
###..>#


You could see Grinder and a giant gecko.

Vanquished Creatures
  2 hounds
  A gnoll (D:2)
  7 adders
  3 giant geckos
  An ooze (D:2)
  4 goblins
  2 hobgoblins (D:1)
  10 kobolds
  A ball python (D:1)
  6 bats
  2 giant cockroaches
  3 giant newts
  16 rats
  2 toadstools (D:1)
60 creatures vanquished.

Vanquished Creatures (others)
  2 toadstools (D:1)
2 creatures vanquished.

Grand Total: 62 creatures vanquished

Notes
Turn   | Place    | Note
--------------------------------------------------------------
     0 | D:1      | N00bl0rd, the Ogre Fighter, began the quest for the Orb.
     0 | D:1      | Reached XP level 1. HP: 24/24 MP: 1/1
   150 | D:1      | Reached XP level 2. HP: 28/32 MP: 2/2
   362 | D:1      | Reached XP level 3. HP: 30/39 MP: 3/3
   739 | D:2      | Reached XP level 4. HP: 46/48 MP: 4/4
  1025 | D:2      | Reached skill level 1 in Armour
  1025 | D:2      | Reached XP level 5. HP: 37/55 MP: 5/5
  2005 | D:3      | Found an opulent altar of Gozag.
  2007 | D:3      | Noticed Grinder
  2008 | D:3      | Paralysed by Grinder for 7 turns
  2023 | D:3      | Paralysed by Grinder for 7 turns
  2029 | D:3      | HP: 2/55 [giant gecko (1)]
  2030 | D:3      | Killed from afar by Grinder

Action                   |  1- 3 |  4- 6 || total
-------------------------+-------+-------++-------
Melee: Flail             |   110 |   109 ||   219
  Use: Potion            |       |     1 ||     1
  Eat: Chunk             |       |     2 ||     2
       Fruit             |       |     2 ||     2
